Map: Récif abyssal EC

Players

zidar

  • Race: Zerg Zerg
  • League: Gold
  • Spawn Location: 11:00

yasya - Winner!

  • Race: Protoss Protoss
  • League: Platinum
  • Spawn Location: 5:00

VOD

Have the link to the VOD?

Description

Time

  • Played on: June 26, 2017, 7:47 a.m.
  • Length: 15:48
Show
View Real Time Build Order
Export as new Build Order

zidar Zerg 

Build Orders: Hatch First 

Get SALT Encoding   

  12  0:02  Drone  
  13  0:12  Overlord  
  13  0:17  Drone  
  14  0:31  Drone x2  
  16  0:52  Hatchery  
  16  0:53  Drone  
  16  0:57  Extractor  
  16  1:00  Drone  
  16  1:08  Drone  
  17  1:28  Drone  
  18  1:33  Drone  
  18  1:34  Drone  
  18  1:35  Spawning Pool  
  19  1:44  Extractor  
  18  1:48  Evolution Chamber  
  16  2:24  Metabolic Boost  
  16  2:27  Queen  
  16  2:28  Queen  
  20  2:31  Zergling x6  
  23  2:57  Overlord  
  23  3:00  Zergling x4  
  23  3:01  Zergling x2  
  26  3:13  Zergling x4  
  28  3:52  Roach Warren  
  27  4:11  Lair  
  27  4:14  Drone x9  
  36  4:45  Overlord x3  
  36  4:46  Overlord  
  30  5:26  Roach  
  30  5:27  Roach x10  
  50  5:44  Hydralisk Den  
  49  5:53  Spore Crawler  
  49  5:56  Spore Crawler  
  47  6:01  Extractor  
  47  6:03  Extractor  
  45  6:14  Drone x6  
  51  6:27  Hydralisk x4  
  59  6:43  Hydralisk x3  
  65  6:56  Overlord  
  65  6:57  Pneumatized Carapace  
  65  7:06  Drone x3  
  65  7:07  Overlord  
  68  7:14  Overseer  
  68  7:26  Hydralisk x3  
  68  7:28  Hydralisk  
  76  7:44  Zerg Missile Weapons Level 1  
  76  7:51  Muscular Augments  
  76  8:04  Overlord x3  
  76  8:05  Overlord x2  
  76  8:24  Drone  
  76  8:25  Drone x5  
  82  8:38  Drone x4  
  84  9:08  Hydralisk  
  84  9:09  Hydralisk x5  
  92  9:32  Drone x3  
  92  9:35  Hatchery  
  94  9:38  Hydralisk  
  94  9:39  Hydralisk x2  
  94  9:43  Overseer  
  97  10:06  Hatchery  
  96  10:15  Overlord x2  
  96  10:16  Overlord  
  96  10:33  Queen  
  98  10:48  Hydralisk x3  
  104  11:21  Hydralisk  
  104  11:22  Hydralisk  
  108  11:30  Hatchery  
  107  11:35  Drone x2  
  109  11:48  Zerg Missile Weapons Level 2  
  107  12:19  Hydralisk x4  
  101  13:18  Hydralisk x14  
  52  14:45  Hydralisk x3  
  21  15:21  Overlord  
  21  15:22  Overlord x2  
Show
View Real Time Build Order
Export as new Build Order

yasya Protoss - Winner!

Build Orders: Cannon Rush 

Get SALT Encoding   

  12  0:03  Probe (Chrono Boost)  
  13  0:20  Pylon  
  13  0:27  Pylon  
  13  0:34  Probe (Chrono Boost)  
  14  0:48  Forge  
  14  0:58  Pylon  
  14  1:03  Probe (Chrono Boost)  
  15  1:13  Probe (Chrono Boost)  
  16  1:23  Photon Cannon  
  16  1:24  Probe (Chrono Boost)  
  16  1:25  Photon Cannon  
  17  1:33  Photon Cannon  
  17  1:59  Nexus  
  17  2:12  Gateway  
  17  2:23  Pylon  
  17  2:25  Assimilator  
  17  2:29  Assimilator  
  17  2:33  Probe (Chrono Boost)  
  18  2:44  Probe (Chrono Boost)  
  19  2:48  Photon Cannon  
  19  2:54  Probe (Chrono Boost)  
  20  3:05  Probe (Chrono Boost)  
  21  3:10  Cybernetics Core  
  21  3:15  Probe (Chrono Boost)  
  21  3:18  Probe (Chrono Boost)  
  23  3:26  Probe (Chrono Boost)  
  24  3:29  Probe (Chrono Boost)  
  25  3:36  Probe (Chrono Boost)  
  26  3:42  Probe (Chrono Boost)  
  26  3:43  Pylon  
  27  3:53  Probe (Chrono Boost), Assimilator  
  28  3:56  Assimilator  
  28  3:58  Mothership Core (Chrono Boost)  
  30  4:03  Probe (Chrono Boost)  
  31  4:14  Probe (Chrono Boost)  
  31  4:17  Probe (Chrono Boost)  
  33  4:21  Pylon  
  33  4:23  Pylon  
  33  4:24  Probe (Chrono Boost)  
  33  4:27  Probe (Chrono Boost)  
  35  4:35  Probe (Chrono Boost)  
  35  4:38  Probe (Chrono Boost)  
  38  4:45  Probe (Chrono Boost)  
  38  4:47  Stargate  
  38  4:51  Stargate  
  38  4:54  Stargate  
  29  5:07  Photon Cannon  
  29  5:12  Photon Cannon  
  25  5:27  Probe (Chrono Boost)  
  25  5:28  Probe (Chrono Boost)  
  26  5:38  Probe (Chrono Boost)  
  27  5:45  Probe (Chrono Boost)  
  27  5:48  Probe (Chrono Boost)  
  29  5:55  Probe (Chrono Boost)  
  30  5:59  Probe (Chrono Boost)  
  31  6:06  Probe (Chrono Boost)  
  31  6:10  Probe (Chrono Boost)  
  33  6:16  Probe (Chrono Boost)  
  34  6:20  Probe (Chrono Boost)  
  34  6:21  Void Ray  
  39  6:27  Probe (Chrono Boost)  
  39  6:31  Probe (Chrono Boost)  
  41  6:33  Void Ray  
  41  6:37  Probe (Chrono Boost)  
  46  6:44  Void Ray  
  46  6:46  Probe (Chrono Boost)  
  51  6:49  Probe (Chrono Boost)  
  52  6:56  Protoss Air Weapons Level 1 (Chrono Boost)  
  52  6:58  Probe (Chrono Boost)  
  52  6:59  Probe  
  54  7:07  Void Ray  
  58  7:21  Void Ray  
  62  7:32  Void Ray  
  66  7:47  Stargate  
  66  7:48  Pylon  
  66  7:50  Void Ray  
  70  7:52  Pylon  
  70  7:53  Photon Cannon  
  70  7:59  Photon Cannon  
  70  8:11  Void Ray  
  74  8:14  Photon Cannon  
  74  8:18  Void Ray  
  78  8:35  Photon Cannon  
  78  8:36  Void Ray  
  82  8:42  Photon Cannon  
  82  8:54  Void Ray  
  82  9:13  Void Ray  
  86  9:24  Photon Cannon  
  86  9:25  Photon Cannon  
  86  9:27  Photon Cannon  
  86  9:28  Photon Cannon  
  86  9:30  Pylon  
  86  9:31  Pylon  
  86  9:33  Pylon  
  78  10:06  Void Ray x2  
  86  10:21  Photon Cannon x2  
  86  10:24  Photon Cannon  
  86  10:30  Void Ray, Photon Cannon  
  86  10:31  Photon Cannon  
  90  10:43  Protoss Air Armor Level 1 (Chrono Boost)  
  90  11:06  Pylon  
  90  11:25  Nexus  
  90  11:26  Pylon  
  90  11:28  Pylon  
  90  11:29  Void Ray  
  90  11:30  Void Ray, Pylon  
  98  11:32  Pylon  
  98  11:54  Photon Cannon  
  98  11:57  Photon Cannon  
  98  11:59  Photon Cannon  
  98  12:01  Photon Cannon  
  98  12:03  Photon Cannon  
  98  12:38  Void Ray  
  98  12:39  Void Ray x2  
  94  12:45  Probe x2  
  94  12:47  Probe  
  76  13:21  Void Ray x2  
  83  13:35  Void Ray  
  87  13:51  Photon Cannon x2  
  87  13:54  Photon Cannon  
  87  13:55  Photon Cannon  
  87  14:51  Void Ray  
  85  14:53  Void Ray  
  85  14:56  Void Ray  
Tags
 
Add a new tag
Caveats
  • Supply blocks, unpowered buildings, or Contaminate may cause inaccurate times.
  • Supply counts are checked every 10 seconds.